Map: Cactus Valley LE (Void)

Players

EventHorizon

  • Race: Protoss Protoss
  • League: Diamond
  • Spawn Location: 11:00

Musumeci - Winner!

  • Race: Zerg Zerg
  • League: Diamond
  • Spawn Location: 1:00

VOD

Have the link to the VOD?

Description

Time

  • Played on: March 26, 2017, 1:55 p.m.
  • Length: 18:32
Show
View Real Time Build Order
Export as new Build Order

EventHorizon Protoss 

Build Orders: 1 Gate Expand 

Get SALT Encoding   

  12  0:01  Probe (Chrono Boost)  
  13  0:13  Probe (Chrono Boost)  
  14  0:23  Pylon  
  14  0:26  Probe (Chrono Boost)  
  15  0:41  Probe (Chrono Boost)  
  16  0:43  Gateway  
  16  0:45  Assimilator  
  16  0:52  Probe (Chrono Boost)  
  17  1:08  Probe (Chrono Boost)  
  18  1:19  Probe (Chrono Boost)  
  19  1:30  Cybernetics Core  
  19  1:39  Nexus  
  19  1:44  Pylon  
  19  1:49  Assimilator  
  19  1:57  Probe (Chrono Boost)  
  20  2:08  Adept  
  22  2:12  Mothership Core (Chrono Boost)  
  24  2:28  Forge  
  24  2:36  Probe (Chrono Boost)  
  25  2:37  Warp Gate  
  25  2:39  Twilight Council  
  25  2:47  Probe (Chrono Boost)  
  28  2:58  Probe x2 (Chrono Boost)  
  28  3:09  Probe x2 (Chrono Boost)  
  30  3:15  Pylon  
  30  3:25  Gateway  
  30  3:26  Resonating Glaives  
  30  3:27  Photon Cannon  
  30  3:29  Pylon  
  30  3:31  Probe (Chrono Boost)  
  31  3:34  Probe (Chrono Boost)  
  32  3:54  Probe (Chrono Boost)  
  34  3:55  Probe (Chrono Boost)  
  34  4:05  Adept, Probe (Chrono Boost)  
  34  4:08  Probe (Chrono Boost)  
  38  4:15  Probe (Chrono Boost)  
  39  4:20  Gateway, Probe (Chrono Boost)  
  40  4:25  Gateway  
  42  4:31  Probe (Chrono Boost)  
  42  4:32  Probe (Chrono Boost)  
  41  4:42  Probe (Chrono Boost)  
  37  4:57  Pylon  
  37  4:58  Probe (Chrono Boost)  
  37  4:59  Probe (Chrono Boost)  
  39  5:07  Pylon  
  39  5:08  Probe (Chrono Boost)  
  39  5:10  Probe (Chrono Boost)  
  41  5:18  Photon Cannon  
  41  5:22  Probe (Chrono Boost)  
  41  5:23  Probe (Chrono Boost)  
  41  5:26  Photon Cannon  
  43  5:30  Adept  
  43  5:33  Adept x3, Probe (Chrono Boost)  
  52  5:54  Probe x2 (Chrono Boost), Nexus  
  50  6:16  Probe x2 (Chrono Boost)  
  50  6:20  Stargate  
  50  6:22  Stargate  
  44  6:25  Assimilator  
  44  6:27  Probe x2 (Chrono Boost)  
  44  6:30  Assimilator  
  46  6:32  Pylon  
  46  6:34  Pylon  
  46  6:36  Pylon  
  46  6:38  Probe x2 (Chrono Boost)  
  48  6:47  Pylon  
  48  6:48  Probe x2 (Chrono Boost)  
  50  7:06  Void Ray x2  
  50  7:12  Adept x4  
  65  7:33  Probe x2 (Chrono Boost), Nexus  
  67  7:37  Pylon  
  67  7:39  Pylon  
  67  7:49  Void Ray x2  
  67  7:52  Pylon  
  67  7:54  Pylon  
  71  8:26  Void Ray  
  71  8:27  Fleet Beacon  
  71  8:29  Probe x2 (Chrono Boost)  
  71  8:30  Photon Cannon x2  
  71  8:33  Photon Cannon  
  73  8:35  Photon Cannon  
  73  8:40  Photon Cannon  
  73  8:44  Photon Cannon  
  77  9:05  Adept x4  
  85  9:16  Carrier  
  85  9:17  Carrier  
  85  9:21  Probe (Chrono Boost)  
  85  9:22  Probe (Chrono Boost)  
  85  9:23  Assimilator, Probe (Chrono Boost)  
  88  9:28  Assimilator  
  96  10:03  Probe (Chrono Boost)  
  96  10:04  Probe x2 (Chrono Boost)  
  95  10:12  Cybernetics Core  
  95  10:13  Probe (Chrono Boost)  
  96  10:15  Protoss Air Weapons Level 1  
  96  10:16  Probe (Chrono Boost)  
  97  10:31  Carrier  
  97  10:32  Carrier  
  97  10:33  Graviton Catapult, Nexus  
  97  10:35  Pylon  
  97  10:38  Pylon  
  97  10:39  Photon Cannon  
  97  10:41  Assimilator  
  103  10:44  Assimilator  
  109  10:59  Pylon  
  109  11:00  Pylon  
  102  11:26  Adept  
  102  11:27  Adept x3  
  105  11:35  Probe (Chrono Boost)  
  105  11:37  Probe x2 (Chrono Boost)  
  92  11:46  Carrier, Probe (Chrono Boost)  
  91  11:48  Carrier  
  91  11:49  Probe x2 (Chrono Boost)  
  91  11:50  Photon Cannon  
  91  11:52  Photon Cannon  
  91  11:53  Adept x4  
  101  11:55  Photon Cannon  
  101  11:56  Probe (Chrono Boost)  
  101  11:57  Photon Cannon  
  101  12:01  Probe (Chrono Boost)  
  115  12:04  Probe (Chrono Boost)  
  115  12:06  Probe (Chrono Boost)  
  115  12:07  Probe (Chrono Boost)  
  118  12:13  Probe (Chrono Boost)  
  118  12:15  Probe (Chrono Boost)  
  120  12:18  Probe x2 (Chrono Boost)  
  120  12:19  Dark Shrine  
  122  12:28  Mothership Core (Chrono Boost)  
  124  12:31  Probe x2 (Chrono Boost)  
  118  12:46  Pylon  
  118  12:47  Pylon  
  118  12:49  Pylon  
  118  12:55  Photon Cannon  
  118  12:59  Stargate  
  118  13:03  Stargate, Probe x2 (Chrono Boost)  
  120  13:07  Probe x2 (Chrono Boost)  
  119  13:32  Dark Templar  
  119  13:33  Dark Templar x3  
  122  13:47  Nexus  
  122  13:51  Pylon  
  122  13:56  Pylon  
  122  13:58  Pylon  
  122  13:59  Pylon  
  122  14:00  Carrier  
  121  14:11  Carrier, Nexus  
  121  14:18  Carrier  
  121  14:21  Nexus  
  121  14:23  Carrier  
  111  14:53  Probe x3 (Chrono Boost)  
  111  15:05  Probe x2 (Chrono Boost)  
  90  16:03  Nexus  
  84  16:22  Assimilator  
  84  16:28  Assimilator  
Show
View Real Time Build Order
Export as new Build Order

Musumeci Zerg - Winner!

Build Orders: Hatch First 

Get SALT Encoding   

  12  0:01  Drone  
  13  0:12  Overlord  
  13  0:18  Drone  
  14  0:30  Drone x2  
  14  0:34  Drone  
  17  0:53  Hatchery  
  17  0:56  Drone  
  17  0:59  Drone  
  18  1:04  Extractor  
  17  1:21  Spawning Pool, Drone  
  17  1:22  Drone  
  18  1:30  Drone  
  19  1:38  Overlord  
  19  2:04  Drone x2  
  19  2:08  Queen x2, Drone  
  24  2:11  Zergling x2  
  27  2:16  Metabolic Boost  
  27  2:32  Drone x3  
  27  2:33  Drone  
  31  2:38  Drone  
  32  2:52  Hatchery  
  32  2:55  Drone  
  32  2:57  Overlord  
  32  3:07  Drone x3  
  32  3:10  Drone  
  36  3:14  Evolution Chamber  
  36  3:18  Queen  
  37  3:26  Zergling x2  
  37  3:27  Zergling x4  
  39  3:55  Extractor  
  39  3:56  Lair  
  39  3:57  Roach Warren  
  39  3:58  Drone x6  
  43  4:03  Overlord x4  
  43  4:10  Zergling x2  
  43  4:17  Spore Crawler  
  39  4:56  Glial Reconstitution  
  39  5:05  Extractor  
  39  5:07  Drone x16  
  54  5:20  Roach x3  
  60  5:27  Extractor  
  60  5:28  Zerg Missile Weapons Level 1  
  59  5:29  Roach  
  62  5:35  Drone  
  62  5:36  Drone x2  
  62  5:38  Roach  
  62  5:39  Roach x2  
  70  5:47  Roach x3  
  76  5:55  Roach  
  76  5:56  Roach x2  
  76  6:29  Drone x3  
  79  6:39  Roach  
  81  6:46  Overlord x5  
  81  6:47  Overlord x2  
  81  7:00  Roach  
  79  7:21  Drone x3, Hydralisk Den, Spore Crawler  
  79  7:22  Drone x9  
  85  7:26  Spore Crawler  
  85  7:28  Spore Crawler  
  85  7:29  Drone x2, Extractor, Spore Crawler  
  84  7:30  Drone  
  84  7:31  Drone x3, Extractor, Spore Crawler  
  85  7:39  Zergling x8  
  85  7:40  Zergling x2  
  90  7:45  Zergling x6  
  90  7:46  Zergling x2  
  89  8:20  Drone x14  
  99  8:45  Queen  
  101  8:51  Hydralisk  
  101  8:52  Hydralisk x7  
  111  9:19  Spore Crawler  
  111  9:21  Spore Crawler  
  111  9:22  Hydralisk x10  
  127  9:59  Muscular Augments  
  125  10:00  Hydralisk x2  
  125  10:07  Zergling x2  
  130  10:09  Overlord x5  
  130  10:24  Zerg Missile Weapons Level 2, Spore Crawler  
  130  10:25  Spore Crawler  
  130  10:27  Evolution Chamber, Extractor  
  126  10:28  Hatchery  
  126  10:31  Zergling x4  
  126  10:32  Zergling x2  
  126  10:33  Extractor  
  127  10:37  Baneling Nest  
  127  10:40  Roach x6, Hydralisk  
  127  10:41  Hydralisk x6  
  151  11:04  Roach  
  151  11:05  Roach x7  
  121  11:27  Hydralisk x8  
  101  11:47  Hydralisk x5  
  108  12:01  Baneling  
  108  12:02  Baneling  
  108  12:03  Baneling x2  
  108  12:11  Hydralisk x7  
  122  12:17  Pneumatized Carapace  
  122  12:21  Zerg Ground Armor Level 1  
  122  12:23  Infestation Pit  
  120  12:30  Hydralisk x7  
  132  12:39  Hydralisk  
  132  12:40  Hydralisk x2  
  130  12:46  Hydralisk  
  130  12:47  Hydralisk x2  
  130  12:50  Hydralisk x5  
  146  12:52  Drone  
  142  13:26  Hydralisk x2  
  142  13:27  Hydralisk x15  
  136  13:43  Overseer x2  
  136  13:48  Zergling x8  
  124  13:49  Zergling x2  
  124  13:50  Zergling x20  
  135  13:55  Roach  
  135  14:03  Hive  
  123  14:18  Overseer x2  
  123  14:19  Overseer  
  123  14:21  Hydralisk  
  123  14:22  Hydralisk x15  
  133  14:31  Baneling x4  
  122  15:13  Hydralisk x14  
  122  15:14  Hydralisk  
  148  15:22  Drone x3  
  151  15:32  Overlord x3  
  151  15:35  Overlord  
  107  16:09  Hydralisk x6  
  107  16:10  Hydralisk x5  
  109  16:13  Zergling x2  
  110  16:39  Hatchery  
  109  16:40  Extractor  
  109  16:41  Extractor  
  107  16:52  Spire  
  105  17:26  Spore Crawler  
  105  17:27  Spore Crawler x5  
  105  17:28  Spore Crawler  
  92  17:30  Spore Crawler x3  
  92  17:31  Spore Crawler  
  92  17:34  Hydralisk x5, Spore Crawler  
  92  17:35  Hydralisk x2  
  101  17:45  Spore Crawler  
  101  17:46  Spore Crawler  
  99  18:06  Spore Crawler x5  
Tags
 
Add a new tag
Caveats
  • Supply blocks, unpowered buildings, or Contaminate may cause inaccurate times.
  • Supply counts are checked every 10 seconds.